AoeStats
← Dafixios

Lombardia

508998627Analyzed
2v2 RM · 8d ago on Sep 25, 2026· 34m 34s· 4 players
Game mode
Random Map
Map size
Medium (4 player)
Population
200
Speed
Normal
Resources
Standard
Victory
Conquest
Starting age
Dark Age
Ending age
Imperial Age
RankedLock teamsTeams togetherTeam positionsShared explorationLock speedFull tech treeHidden civsTurbo modeCheats
Victory
Defeat
🇲🇽 Lithuanians · Mexico
1103
+16
🇲🇽 Chinese · Mexico
1088
+17
🇺🇸 Danes · United States
1140
-18
🇺🇸 Saxons · United States
1081
-15
Alexr_93
0:31 Loom
10:13 Feudal Age
15:47 Fletching
16:27 Padded Archer Armor
22:53 Castle Age
23:15 Stone Mining
23:12 Double-Bit Axe
23:09 Horse Collar
24:17 Wheelbarrow
23:50 Man-at-Arms
24:35 Bodkin Arrow
25:59 Ballistics
32:48 Leather Archer Armor
33:03 Forging
32:31 Long Swordsman
33:31 Town Watch
Dafixios
5:53 Loom
8:04 Feudal Age
8:53 Double-Bit Axe
13:58 Forging
15:01 Horse Collar
19:27 Castle Age
18:33 Scale Barding Armor
18:24 Gold Mining
20:44 Iron Casting
22:15 Husbandry
23:32 Wheelbarrow
23:09 Bow Saw
25:33 Bloodlines
25:49 Heavy Plow
27:51 Fervor
27:41 Town Watch
29:06 Hand Cart
28:44 Treadmill Crane
30:11 Chain Barding Armor
32:59 Town Patrol
37:29 Imperial Age
Brazy_Boy4
0:45 Loom
10:39 Feudal Age
11:08 Double-Bit Axe
19:24 Castle Age
17:48 Horse Collar
18:09 Man-at-Arms
21:20 Gold Mining
21:52 Gambesons
23:01 Wheelbarrow
23:43 Arson
24:55 Forging
26:18 Scale Mail Armor
28:34 Squires
db4cornett
2:49 Loom
11:01 Feudal Age
17:10 Castle Age
17:31 Elite Skirmisher
24:33 Wheelbarrow
23:44 Town Watch
28:26 Pikeman
29:27 Fletching
32:16 Hand Cart
32:42 Gold Mining
32:50 Stone Mining
33:07 Squires
35:01 Thumb Ring
Connection lost

Rejoining the realm…

Still unreachable

The connection could not be restored.

Session expired

The server has moved on; the page needs a fresh start.